 Dungeon Crawl Stone Soup version 0.31.0-12-g77e489cdc1 (webtiles) character file.

Game seed: 13374853614118301502

32 Silvore the Trooper (level 3, 0/29 HPs)
             Began as a Demonspawn Fighter on Feb 12, 2024.
             Slain by a gnoll
             ... wielding a +0 club
              (4 damage)
             ... on level 2 of the Dungeon.
             The game lasted 00:00:50 (815 turns).

Silvore the Trooper (Demonspawn Fighter)             Turns: 815, Time: 00:00:51

Health: 0/29       AC: 11    Str: 18    XL:     3   Next: 8%
Magic:  3/3        EV:  7    Int:  8    God:
Gold:   45         SH:  4    Dex: 12    Spells: 2/2 levels left

rFire   . . .        a - +0 long sword
rCold   . . .        c - +0 buckler
rNeg    . . .        l - +0 chain mail
rPois   .            i - +0 helmet
rElec   .            (no cloak)
rCorr   .            g - +0 pair of gloves
SInv    .            (no boots)
Will    .....        (no amulet) Stlth
                     (no ring)
HPRegen 0.24/turn    (no ring)
MPRegen 0.08/turn

%: no passive effects
@: no status effects
A: hooves 2
a: no special abilities


You were on level 2 of the Dungeon.
You visited 1 branch of the dungeon, and saw 2 of its levels.

You collected 45 gold pieces.

Inventory:

Hand Weapons
 a - a +0 long sword (weapon)
Armour
 b - a +0 scale mail
 c - a +0 buckler (worn)
 g - a +0 pair of gloves (worn)
 i - a +0 helmet (worn)
 l - a +0 chain mail (worn)
Scrolls
 f - a scroll of identify
 j - a scroll of teleportation
Potions
 d - a potion of might
 e - a potion of resistance
 h - a potion of attraction
 k - a potion of heal wounds {unknown}


   Skills:
 + Level 3.3 Fighting
 + Level 2.2 Long Blades
 + Level 3.0 Armour
 + Level 3.0 Shields


You had 2 spell levels left.
You didn't know any spells.
Your spell library was empty.

Dungeon Overview and Level Annotations

Branches:
Dungeon (2/15)

Altars:


Innate Abilities, Weirdness & Mutations

You have hoof-like feet.


Message History

You hit the gnoll. You kick the gnoll.
The gnoll is heavily wounded.
You block the gnoll's attack. The gnoll barely misses you.
You hit the gnoll. Your kick misses the gnoll.
The gnoll is almost dead.
The gnoll hits you but does no damage. x2; You block the gnoll's attack.
You closely miss the gnoll.
The gnoll is almost dead.
The gnoll hits you with a +0 club. The gnoll hits you but does no damage.
The gnoll hits you with a +0 spear. You block the gnoll's attack.
The gnoll hits you with a +0 spear. The gnoll barely misses you.
You closely miss the gnoll.
The gnoll is almost dead.
You block the gnoll's attack. x2; The gnoll barely misses you.
Unknown command.
You hit the gnoll.
The gnoll is almost dead.
The gnoll hits you with a +0 club.
* * * LOW HITPOINT WARNING * * *
The gnoll hits you but does no damage. You block the gnoll's attack.
Unknown command.
You hit the gnoll.
You kill the gnoll!
The gnoll hits you with a +0 club.
* * * LOW HITPOINT WARNING * * *
The gnoll hits you but does no damage. You block the gnoll's attack.
The gnoll hits you but does no damage.
Your Armour skill increases to level 3!
You have reached level 3!
Your experience leads to an increase in your attributes!
Increase (S)trength, (I)ntelligence, or (D)exterity?
You feel stronger. x2; Your demonic ancestry asserts itself...
Your feet thicken and deform.
You slash the gnoll!
The gnoll is heavily wounded.
You block the gnoll's attack. x2
You closely miss the gnoll. You kick the gnoll.
You kill the gnoll!
The gnoll hits you with a +0 club.
You die...

..# #.# ....# #.####
#... #.#.. #... #.#.#
#..# ######.#.# #..#
.........#######..######
######.........)).......
##.†#######@.#
#######..# #.g#
.).....†.# #..#
######...#######..#
#............#
#.#....###...# #.####.#
#.### ######.# #.# #.#
.....#.# #.# #.#


You could see a gnoll.

Vanquished Creatures
  2 gnolls (D:2)
  An adder (D:2)
  A dart slug (D:2)
  An endoplasm (D:2)
  3 giant cockroaches
  A hobgoblin (D:1)
  A quokka (D:1)
  A frilled lizard (D:2)
  2 rats
13 creatures vanquished.

Notes
Turn   | Place    | Note
-------+----------+-------------------------------------------
     0 | D:1      | Silvore the Demonspawn Fighter began the quest for the Orb.
     0 | D:1      | Reached XP level 1. HP: 18/18 MP: 1/1
   699 | D:2      | Gained mutation: You have large cloven feet. [demonic
                  | ancestry]
   699 | D:2      | Reached XP level 2. HP: 21/24 MP: 2/2
   753 | D:2      | Identified the +7 sling of Pride {freeze, ^Fragile +Blink
                  | rC+ rN+}
   814 | D:2      | Gained mutation: You have hoof-like feet. [demonic
                  | ancestry]
   814 | D:2      | Reached XP level 3. HP: 3/29 MP: 3/3
   815 | D:2      | Slain by a gnoll

Illustrated notes

Levels and vault maps discovered:
D:1:      evilmike_arrival_crescent, layout_loops_ring, minmay_misc_feat_room
D:2:      layout_loops_ring, roderic_roman_lattice

Skill      XL: |  1  2 |
---------------+-------+-----
Long Blades    | 2 |  2.2
Shields        | 3 |  3.0
Armour         | 3 |  3.0
Fighting       | |  3.3

Action                     || total
---------------------------++-------
  Melee: Long sword        ||    46
         Kick              ||     3
    Use: Scroll            ||     4
 Armour: Chain mail        ||    37
         Scale mail        ||     9
  Dodge: Dodged            ||    17
  Block: Buckler           ||    19
